 Dungeon Crawl Stone Soup version 0.24.0-13-gcf9b3192b9 (webtiles) character file.

Game seed: 17434738275517677231, levelgen mode: deterministic

12677 Aviak the Protected (level 11, -10/101 HPs)
             Began as a Minotaur Fighter on Nov 9, 2019.
             Was a High Priest of Okawaru.
             Shot with a bolt by a yaktaur (18 damage)
             ... on level 10 of the Dungeon.
             The game lasted 00:08:30 (6217 turns).

Aviak the Protected (Minotaur Fighter)              Turns: 6217, Time: 00:08:31

Health: -10/101    AC: 24    Str: 25    XL:     11   Next: 65%
Magic:  10/16      EV: 10    Int: 11    God:    Okawaru [*****.]
Gold:   600        SH: 21    Dex:  9    Spells: 10/10 levels left

rFire    + . .     SeeInvis .   J - +1 war axe of Kiowkoxa {drain, rElec rC++}
rCold    + + +     Gourm    .   G - +0 large shield (curse)
rNeg     . . .     Faith    .   U - +3 scale mail "Ystraisu" {rCorr Int+6}
rPois    .         Spirit   .   (helmet restricted)
rElec    +         Reflect  .   y - scarf {rC+ rF+}
rCorr    +         Harm     .   M - +2 pair of gloves
MR       .....                  F - +2 pair of boots
Stlth    ..........             (no amulet)
HPRegen  0.26/turn              A - +4 ring of protection
MPRegen  0.15/turn              I - ring of attention (curse)

@: heroism, finesse, lightly drained
A: retaliatory headbutt, horns 2
a: Heroism, Finesse, Renounce Religion


You were on level 10 of the Dungeon.
You worshipped Okawaru.
Okawaru was extremely pleased with you.
You were hungry.

You visited 1 branch of the dungeon, and saw 10 of its levels.

You collected 600 gold pieces.

Inventory:

Hand Weapons
 a - a +0 war axe
 J - the +1 war axe of Kiowkoxa (weapon) {drain, rElec rC++}
   (You found it on level 6 of the Dungeon)

   A truly terrible weapon, it drains the life of those it strikes.
   It greatly protects you from cold.
   It insulates you from electricity.
Armour
 b - a +0 scale mail
 c - a +0 shield
 y - a scarf of resistance (worn)
 F - a +2 pair of boots (worn)
 G - a cursed +0 large shield (worn)
 M - a +2 pair of gloves (worn)
 U - the +3 scale mail "Ystraisu" (worn) {rCorr Int+6}
   (You found it on level 9 of the Dungeon)

   It affects your intelligence (+6).
   It provides partial protection from all sources of acid and corrosion.
Jewellery
 r - an uncursed ring of magical power
 s - an uncursed amulet of regeneration {unknown}
 x - an uncursed ring of resist corrosion
 A - a +4 ring of protection (left hand)
 B - an uncursed ring of wizardry
 D - an uncursed amulet of faith {unknown}
 I - a cursed ring of attention (right hand)
 K - a cursed ring of teleportation {unknown}
 L - an uncursed ring of protection from fire {unknown}
 P - an uncursed ring of protection from cold {unknown}
Wands
 N - a wand of paralysis (10)
 O - a wand of disintegration (20)
 R - a wand of acid (12)
 T - a wand of digging (5)
 V - a wand of flame (10)
Scrolls
 e - a scroll of fear {unknown}
 g - 7 scrolls of identify {unknown}
 h - 3 scrolls of blinking {unknown}
 l - 3 scrolls of remove curse {unknown}
 t - 2 scrolls of random uselessness {unknown}
 u - a scroll of fog {unknown}
 E - 6 scrolls of teleportation {unknown}
 H - 4 scrolls of enchant weapon {unknown}
 Q - a scroll of amnesia {unknown}
Potions
 d - 3 potions of might
 i - a potion of experience {unknown}
 j - a potion of berserk rage {unknown}
 k - a potion of flight {unknown}
 m - a potion of degeneration {unknown}
 n - a potion of lignification {unknown}
 o - 5 potions of heal wounds {unknown}
 p - a potion of ambrosia {unknown}
 q - 5 potions of curing {unknown}
 v - 2 potions of brilliance {unknown}
 w - 2 potions of haste {unknown}
 z - a potion of magic {unknown}
 C - 4 potions of mutation {unknown}
Comestibles
 f - 24 rations


   Skills:
 + Level 10.7(15.6) Fighting
 + Level 10.3(15.2) Axes
 + Level 10.7(15.6) Armour
 + Level 10.6(15.6) Shields
 + Level 8.4(8.3) Invocations


You had 10 spell levels left.
You didn't know any spells.
Your spell library contained the following spells:

 Spells                   Type           Power        Failure   Level  Hunger
 Corona                   Hex            #......      91%         1    ##.....
 Ensorcelled Hibernation  Hex/Ice        #.....       97%         2    ###....
 Confuse                  Hex            #.......     100%        3    ####...
 Dazzling Spray           Conj/Hex       #.....       100%        3    ####...
 Tukima's Dance           Hex            #.......     100%        3    ####...


Dungeon Overview and Level Annotations

Branches:
Dungeon (10/15)            Temple (0/1) D:6            Lair (0/6) D:10
    Orc: D:9-12

Altars:
Cheibriados
Dithmenos
Okawaru
Qazlal
Ru
Sif Muna
Trog
Xom
The Shining One

Shops:
D:10 =


Innate Abilities, Weirdness & Mutations

You reflexively headbutt those who attack you in melee.
You have a pair of horns on your head.


Message History

You block the red devil's attack.
Evoke which item? (* to show all) (? for menu, Esc to quit)
Aiming: Corrosive Bolt
Press: ? - help, Shift-Dir - straight line, f/p - kobold demonologist
Aim: a kobold demonologist, wielding a staff of wizardry and wearing a +0 robe (heavily wounded, covered in acid)
The bolt of acid misses the quasit.
The bolt of acid hits the kobold demonologist!
The kobold demonologist is splashed with acid.
The kobold demonologist seems to be corroded for longer.
You kill the kobold demonologist!
Okawaru accepts your kill.
The quasit disappears in a puff of smoke!
You block the sun demon's attack. x2; The red devil closely misses you.
Evoke which item? (* to show all) (? for menu, Esc to quit)
Aiming: Corrosive Bolt
Press: ? - help, Shift-Dir - straight line, f - yaktaur
Aim: a yaktaur, wielding a +0 arbalest
Okay, then.
The yaktaur shoots a bolt.
The bolt hits you!!
You die...

....#....#....#.........# ..
....'....#....#.......C.#...
....#....#....#.........#...
....#....'..................
....#....#......(....c....#
....####.#.......(........##
..... #.#........((........
.)... ###....######(...#..
.... ......#=@.349.......
#......#..§.c.##.....
#......#....§§# ..K. ...
#........ ... #....#.... ..
....!......# . ....##......#
.... #......#


You could see a sun demon, a yaktaur, a red devil and a gargoyle.

Vanquished Creatures
  Harold (D:8)
  2 two-headed ogres (D:8)
  Nergalle (D:10)
  Pikel (D:7)
  An obsidian statue (D:9)
  An ugly thing (D:10)
  A centaur zombie (D:10)
  A kobold demonologist (D:10)
  A spriggan (D:7)
  A shadow (D:10)
  A wraith (D:10)
  10 yaks
  A wyvern (D:10)
  A hungry ghost (D:8)
  Edmund (D:4)
  An acid dragon (D:10)
  3 porcupines (D:10)
  5 ice beasts
  2 slaves (D:7)
  4 orc warriors
  A sky beast (D:9)
  6 black bears
  3 phantoms
  6 ogres
  2 eyes of draining (D:3)
  A necrophage (D:9)
  8 centaurs
  A crocodile (D:10)
  3 big kobolds
  Blork the orc (D:5)
  5 bullfrogs
  2 wyvern zombies
  2 scorpions
  5 killer bees (D:7)
  4 crimson imps
  3 bullfrog zombies (D:10)
  A jelly (D:9)
  4 orc priests
  3 orc wizards
  A centaur skeleton (D:3)
  8 hounds
  A bullfrog skeleton (D:4)
  4 iguanas
  11 worker ants
  A hound skeleton (D:5)
  A worker ant zombie (D:8)
  5 adders
  4 gnolls (D:7)
  2 shadow imps
  3 leopard geckos
  35 orcs
  12 bats
  4 giant cockroaches
  5 goblins
  11 hobgoblins
  8 jackals
  15 kobolds
  A quokka (D:9)
  3 ball pythons
  4 frilled lizards
  A leopard gecko skeleton (D:5)
  2 quokka skeletons
  A quokka zombie (D:9)
  3 rats
  2 fungi (D:10)
  3 plants (D:10)
252 creatures vanquished.

Vanquished Creatures (others)
  5 fungi (D:10)
  3 plants (D:10)
8 creatures vanquished.

Grand Total: 260 creatures vanquished

Notes
Turn   | Place    | Note
-------+----------+-------------------------------------------
     0 | D:1      | Aviak the Minotaur Fighter began the quest for the Orb.
     0 | D:1      | Reached XP level 1. HP: 19/19 MP: 0/0
   102 | D:1      | Reached XP level 2. HP: 19/27 MP: 1/1
   635 | D:2      | Found an iron altar of Okawaru.
   636 | D:2      | Found a sacrificial altar of Ru.
   636 | D:2      | Found a glowing golden altar of the Shining One.
   656 | D:2      | Became a worshipper of Warmaster Okawaru
   835 | D:2      | Reached XP level 3. HP: 33/33 MP: 2/2
   901 | D:2      | Found a shadowy altar of Dithmenos.
  1210 | D:3      | Reached XP level 4. HP: 35/40 MP: 2/3
  1249 | D:3      | Noticed an eye of draining
  1250 | D:3      | Found a bloodstained altar of Trog.
  1250 | D:3      | Noticed an eye of draining
  1254 | D:3      | Reached skill level 1 in Invocations
  1265 | D:3      | Killed an eye of draining
  1265 | D:3      | Reached * piety under Okawaru
  1265 | D:3      | Reached XP level 5. HP: 46/47 MP: 0/5
  1270 | D:3      | Killed an eye of draining
  1477 | D:3      | Reached XP level 6. HP: 55/55 MP: 6/6
  1556 | D:3      | Reached skill level 5 in Armour
  1749 | D:4      | Reached skill level 5 in Fighting
  1757 | D:4      | Reached skill level 5 in Shields
  1836 | D:4      | Noticed Edmund
  1895 | D:4      | Reached ** piety under Okawaru
  1931 | D:4      | Reached XP level 7. HP: 37/61 MP: 8/8
  2312 | D:4      | Killed Edmund
  2312 | D:4      | Reached skill level 5 in Axes
  2324 | D:5      | Entered Level 5 of the Dungeon
  2499 | D:5      | Noticed Blork the orc
  2505 | D:5      | Killed Blork the orc
  2514 | D:5      | Reached XP level 8. HP: 53/70 MP: 9/9
  2592 | D:5      | Found a sacrificial altar of Ru.
  2821 | D:6      | Found a shimmering altar of Xom.
  2824 | D:6      | Reached *** piety under Okawaru
  2902 | D:6      | Found a staircase to the Ecumenical Temple.
  2925 | D:6      | Got a fine war axe
  2926 | D:6      | Identified the +1 war axe of Kiowkoxa {drain, rElec rC++}
                  | (You found it on level 6 of the Dungeon)
  3151 | D:6      | Found a shimmering blue altar of Sif Muna.
  3701 | D:7      | Noticed Pikel
  3711 | D:7      | Killed Pikel
  3711 | D:7      | Reached **** piety under Okawaru
  3711 | D:7      | Reached skill level 5 in Invocations
  3711 | D:7      | Reached XP level 9. HP: 75/79 MP: 11/11
  3866 | D:7      | Reached ***** piety under Okawaru
  4396 | D:8      | Found a bloodstained altar of Trog.
  4467 | D:8      | Received a gift from Okawaru
  4487 | D:8      | Noticed Harold
  4509 | D:8      | Killed Harold
  4509 | D:8      | Received a gift from Okawaru
  4509 | D:8      | Reached XP level 10. HP: 21/90 MP: 11/13
  5053 | D:8      | Noticed a two-headed ogre
  5063 | D:8      | Killed a two-headed ogre
  5070 | D:8      | Found a stormy altar of Qazlal.
  5073 | D:8      | Noticed a two-headed ogre
  5085 | D:8      | Killed a two-headed ogre
  5405 | D:9      | Reached XP level 11. HP: 90/99 MP: 8/15
  5477 | D:9      | Reached skill level 10 in Armour
  5486 | D:9      | Got a jewelled scale mail
  5497 | D:9      | Identified the +3 scale mail "Ystraisu" {rCorr Int+6} (You
                  | found it on level 9 of the Dungeon)
  5581 | D:9      | Found a snail-covered altar of Cheibriados.
  5646 | D:9      | Noticed an obsidian statue
  5697 | D:9      | Killed an obsidian statue
  5697 | D:9      | Reached skill level 10 in Fighting
  5697 | D:9      | Reached skill level 10 in Shields
  5890 | D:10     | Entered Level 10 of the Dungeon
  5890 | D:10     | Noticed Nergalle
  5907 | D:10     | Killed Nergalle
  5983 | D:10     | Reached skill level 10 in Axes
  6000 | D:10     | Found a staircase to the Lair.
  6076 | D:10     | Found Joguedi's Jewellery Shoppe.
  6200 | D:10     | Noticed a deep elf mage
  6203 | D:10     | Noticed a sun demon
  6205 | D:10     | Noticed a green ugly thing
  6212 | D:10     | Killed a green ugly thing
  6217 | D:10     | Shot with a bolt by a yaktaur

Levels and vault maps discovered:
D:1:      minmay_arrival_checkered_box, layout_basic
D:2:      layout_basic, old_standard_altar, grunt_temple_overflow_open
D:3:      kennysheep_big_flooded_room, layout_loops_ring, trog_eyes_of_draining
D:4:      layout_basic, first_ration, uniq_edmund
D:5:      layout_basic, hangedman_ru_absence, uniq_blork_the_orc
D:6:      layout_gridville, xom_teletrap_fun, minmay_temple_entry_mini_moons,
          led_sif_pool
D:7:      wander_river, layout_cave_pods, the_bakery, uniq_pikel
D:8:      layout_cave_pods, lemuel_round_altar, basic_altar, uniq_harold
D:9:      layout_rooms, kennysheep_little_box, minmay_statue_bubble
D:10:     minmay_cut_squares, layout_irregular_city,
          due_lair_maze_entry_diamond, serial_shops, shop, nicolae_barding_shop,
          uniq_nergalle

Skill      XL: |  1  2  3  4  5  6  7  8  9 10 11 |
---------------+----------------------------------+-----
Armour         | 4 5 6 7 8 9 10 | 10.7
Fighting       | 4 5 6 7 8 9 10 | 10.7
Shields        | 4 5 6 7 8 9 10 | 10.6
Axes           | 3 4 5 7 8 9 10 | 10.3
Invocations    | 1 2 3 5 6 7 8 |  8.4

Action                   |  1- 3 |  4- 6 |  7- 9 | 10-12 || total
-------------------------+-------+-------+-------+-------++-------
Melee: War axe           |   103 |    86 |   254 |   298 ||   741
       Headbutt          |     9 |    13 |    41 |    71 ||   134
Invok: Heroism           |       |       |     2 |     7 ||     9
       Finesse           |       |       |       |     4 ||     4
Evoke: Wand              |       |       |       |     3 ||     3
  Eat: Chunk             |     1 |     2 |     9 |     7 ||    19
Armor: Scale mail        |    70 |    44 |   127 |   128 ||   369
Dodge: Dodged            |    31 |    28 |    71 |    57 ||   187
Block: Shield            |    66 |    52 |    32 |       ||   150
       Large shield      |       |       |   179 |   315 ||   494
